 Dungeon Crawl Stone Soup version 0.18-a0-721-g8fc53f4 (webtiles) character file.

152 4thArraOfDagon the Firebug (level 5, -1/28 HPs)
             Began as a Deep Elf Fire Elementalist on Dec 8, 2015.
             Slain by an ogre
             ... wielding a +0 giant spiked club
              (29 damage)
             ... on level 5 of the Dungeon.
             The game lasted 00:03:37 (528 turns).

4thArraOfDagon the Firebug (DEFE)                    Turns: 528, Time: 00:03:37

Health: -1/28      AC:  4    Str:  5    XL:     5   Next: 11%
Magic:  6/13       EV: 13    Int: 21    God:
Gold:   48         SH:  0    Dex: 17    Spells: 3 memorised, 4 levels left

rFire  . . .     SeeInvis .     g - +0 trident
rCold  . . .     Clarity  +     a - +0 robe
rNeg   . . .     SustAt   .     (no shield)
rPois  .         Gourm    .     (no helmet)
rElec  .         Spirit   .     l - +1 cloak
rCorr  .         Dismiss  .     (no gloves)
rMut   .         Stasis   .     (no boots)
MR     .....                    (no amulet)
Stlth  ++........               (no ring)
                                (no ring)

@: not resistant to hostile enchantments, unstealthy
A: talons 1, agile 1, clarity
a: no special abilities


You were on level 5 of the Dungeon.
You were not hungry.

You visited 1 branch of the dungeon, and saw 5 of its levels.

You collected 48 gold pieces.

Inventory:

Hand Weapons
 d - a +0 club
 g - a +0 trident (weapon)
Armour
 a - a +0 robe (worn)
 l - a +1 cloak (worn)
Wands
 k - a wand of enslavement (15)
Scrolls
 e - a scroll of noise {unknown}
 h - a scroll of identify {unknown}
 m - a scroll of fear {unknown}
Potions
 f - a potion of lignification
Books
 b - a book of Flames

   Spells                             Type                      Level
   a - Flame Tongue                   Conjuration/Fire             1
   b - Throw Flame                    Conjuration/Fire             2
   c - Conjure Flame                  Conjuration/Fire             3
   d - Inner Flame                    Hexes/Fire                   3
   e - Sticky Flame                   Conjuration/Fire             4
   f - Fireball                       Conjuration/Fire             5
Comestibles
 c - a bread ration
 i - a meat ration


   Skills:
 - Level 2.4 Dodging
 - Level 2.4 Stealth
 + Level 4.3 Spellcasting
 * Level 3.3 Conjurations
 * Level 4.8 Fire Magic


You had 4 spell levels left.
You knew the following spells:

 Your Spells              Type           Power        Failure   Level  Hunger
a - Flame Tongue          Conj/Fire      ###..        1%          1    None
b - Conjure Flame         Conj/Fire      ###.....     10%         3    ##.....
c - Sticky Flame          Conj/Fire      ###.....     24%         4    ####...


Dungeon Overview and Level Annotations

Branches:
Dungeon (5/15)
 Temple: D:4-7

Altars:
Makhleb
Ru
Zin

Shops:
D:4 }

Annotations:
D:5 exclusions: adder and centaur, Edmund


Innate Abilities, Weirdness & Mutations

You have sharp toenails.
You are agile. (Dex +2)
You possess an exceptional clarity of mind.


Message History

The crimson imp shouts!
You hear the rusting of a drain nearby.
Casting: Flame Tongue
Confirm with . or Enter, or press ? or * to list all spells.
Aiming: Flame Tongue
Press: ? - help, Shift-Dir - straight line, f/p - ogre
Aim: an ogre, wielding a giant spiked club (moderately wounded)
The flame tongue hits the ogre.
The ogre is heavily wounded.
Casting: Flame Tongue
Confirm with . or Enter, or press ? or * to list all spells.
Aiming: Sticky Flame
Press: ? - help, Shift-Dir - straight line, f/p - ogre
Aim: an ogre, wielding a giant spiked club (heavily wounded)
The sticky flame hits the ogre.
The ogre is severely wounded.
The ogre is covered in liquid flames!
The ogre burns!
The ogre hits you with a giant spiked club!!
Ouch! That really hurt!
You die...

.. #..##.....# ##...
.... #..###....# #...
....####..###....# #...
##5...>.......#### ##..
#..............## #..
$...............# ####..
................# #.#...
...../..........###.#.##
......O@.............<.#
##..............###.##..
#..............# #.###.
#.............## #.. ..
#.....##....... ...###
#..... ....... ...S
##...# ####... ....c.
.... .. ....## #.>..#


You could see an ogre (burning) and a crimson imp.

Vanquished Creatures
  An ice beast (D:5)
  A centaur zombie (D:5)
  A white imp (D:5)
  4 orcs (D:3)
  2 hobgoblins
  3 quokkas
  A bat (D:1)
  A giant gecko zombie (D:5)
  A giant newt (D:5)
  A kobold (D:2)
16 creatures vanquished.

Notes
Turn   | Place    | Note
--------------------------------------------------------------
     0 | D:1      | 4thArraOfDagon the Deep Elf Fire Elementalist began the quest for the Orb.
     0 | D:1      | Reached XP level 1. HP: 10/10 MP: 6/6
    37 | D:1      | Gained mutation: You are agile. (Dex +2) [potion of mutation]
    37 | D:1      | Gained mutation: You have sharp toenails. [potion of mutation]
    37 | D:1      | Gained mutation: You possess an exceptional clarity of mind. [potion of mutation]
    89 | D:1      | You fall through a shaft!
   110 | D:2      | Found a burning altar of Makhleb.
   110 | D:2      | Noticed a crimson imp
   131 | D:3      | Found a glowing silver altar of Zin.
   132 | D:3      | Found a sacrificial altar of Ru.
   173 | D:4      | Found Luaqyl's Gadget Shoppe.
   173 | D:4      | Noticed an iguana
   181 | D:4      | Noticed an ogre
   210 | D:3      | Reached XP level 2. HP: 13/15 MP: 5/8
   287 | D:5      | Entered Level 5 of the Dungeon
   293 | D:5      | Noticed Edmund
   336 | D:5      | Noticed an ice beast
   346 | D:5      | Killed an ice beast
   346 | D:5      | Reached skill level 4 in Spellcasting
   346 | D:5      | Reached XP level 3. HP: 19/19 MP: 2/10
   346 | D:5      | Reached XP level 4. HP: 24/24 MP: 2/12
   351 | D:5      | Learned a level 3 spell: Conjure Flame
   356 | D:5      | Learned a level 4 spell: Sticky Flame
   441 | D:5      | Noticed a centaur
   495 | D:5      | Reached XP level 5. HP: 28/28 MP: 9/13
   519 | D:5      | Noticed an ogre
   528 | D:5      | Slain by an ogre

Vault maps used:
D:1:      dpeg_arrival_shelter
D:2:      makhleb_grotto_becter, minmay_misc_feat_alley, uniq_iyjb
D:3:      nicolae_qazlal_style_of_elements, gammafunk_temple_overflow_pools
D:4:      first_bread, serial_shops, shop
D:5:      lightli_sewer_entry_pipes, minmay_fire_ice_demons,
          uniq_crazy_yiuf_cottage, uniq_edmund

Action                   |  1- 3 |  4- 6 || total
-------------------------+-------+-------++-------
Melee: Trident           |       |     4 ||     4
 Cast: Flame Tongue      |    23 |    11 ||    34
       Conjure Flame     |       |     1 ||     1
       Sticky Flame      |       |     1 ||     1
  Use: Potion            |     2 |       ||     2
